 Dungeon Crawl Stone Soup version 0.25-a0-701-gb30f108f01 (webtiles) character file.

Game seed: 11320047430161154522, levelgen mode: deterministic

41062 Amnesiac the Gelid (level 13, -1/111 HPs)
             Began as a White Draconian Ice Elementalist on Apr 3, 2020.
             Was the Champion of Vehumet.
             Killed from afar by a deep elf mage (20 damage)
             ... with a bolt of negative energy
             ... on level 15 of the Dungeon.
             The game lasted 00:47:18 (17467 turns).

Amnesiac the Gelid (DrIE)                          Turns: 17467, Time: 00:47:18

Health: -1/111     AC: 14    Str: 10    XL:     13   Next: 78%
Magic:  0/34       EV: 20    Int: 17    God:    Vehumet [******]
Gold:   381        SH:  5    Dex: 16    Spells: 8/34 levels left

rFire    + . .     SeeInvis .   R - +2 scimitar (flame)
rCold    + + .     Gourm    .   a - +0 buckler (curse)
rNeg     . . .     Faith    .   (armour unavailable)
rPois    .         Spirit   .   M - +2 hat "Bicoqeug" {rC+ MR+ MP+9}
rElec    .         Reflect  .   t - +0 cloak
rCorr    .         Harm     .   (no gloves)
MR       +....                  G - +2 pair of boots {run}
Stlth    ++........             (no amulet)
HPRegen  0.28/turn              H - +2 ring of evasion
MPRegen  0.24/turn              C - ring of protection from fire

@: berserk cooldown, very slightly contaminated, slowed, lightly drained, very
slow
A: breathe frost, unfitting armour, cold resistance 1, low mp 1, cold-blooded,
AC +8
a: Breathe Frost, Renounce Religion


You were on level 15 of the Dungeon.
You worshipped Vehumet.
Vehumet was exalted by your worship.
You were hungry.

You visited 3 branches of the dungeon, and saw 17 of its levels.
You also visited: Ice Cave.

You collected 1616 gold pieces.
You spent 1235 gold pieces at shops.

Inventory:

Hand Weapons
 E - a +1 dagger of venom
 R - a +2 scimitar of flaming (weapon)
Missiles
 g - 64 poisoned darts (quivered)
Armour
 a - a cursed +0 buckler (worn)
 l - a +0 kite shield
 t - a +0 cloak (worn)
 G - a +2 pair of boots of running (worn)
 M - the +2 hat "Bicoqeug" (worn) {rC+ MR+ MP+9}
   (You found it on level 2 of the Orcish Mines)

   It protects you from cold.
   It affects your resistance to hostile enchantments.
   It affects your magic capacity (+9).
Jewellery
 e - an uncursed ring of poison resistance
 p - an uncursed ring of flight
 C - a ring of protection from fire (right hand)
 H - a +2 ring of evasion (left hand)
Wands
 i - a wand of scattershot (3)
 u - a wand of flame (77)
 B - a wand of polymorph (20)
 F - a wand of enslavement (20)
 P - a wand of disintegration (32)
Scrolls
 c - 7 scrolls of teleportation {!r, unknown}
 h - a scroll of fear {!r}
 j - 2 scrolls of noise {!r, unknown}
 n - a scroll of fog {!r, unknown}
 o - a scroll of vulnerability {!r, unknown}
 r - 2 scrolls of magic mapping {!r}
 w - 2 scrolls of brand weapon {!r}
 x - a scroll of blinking {!r}
 y - 3 scrolls of enchant weapon {!r}
 A - 2 scrolls of remove curse {!r}
 I - a scroll of enchant armour {!r}
 N - a scroll of holy word {!r}
 O - a scroll of summoning {!r}
Potions
 d - 3 potions of brilliance {!q}
 f - 8 potions of curing {!q}
 k - a potion of haste {!q}
 q - a potion of experience {!q}
 v - 2 potions of might {!q}
 z - a potion of lignification {!q}
 D - a potion of heal wounds {!q}
Miscellaneous
 J - a box of beasts
Comestibles
 b - 26 rations
 s - 7 chunks of flesh


   Skills:
 - Level 9.0(8.3) Fighting
 - Level 9.0(8.3) Dodging
 - Level 1.7(1.2) Stealth
 - Level 4.0(3.4) Shields
 + Level 11.0(10.4) Spellcasting
 * Level 18.7(18.0) Ice Magic


You had 8 spell levels left.
You knew the following spells:

 Your Spells              Type           Power        Failure   Level  Hunger
a - Freeze                Ice            ####         0%          1    None
b - Ozocubu's Refrigerat  Ice            ######....   1%          6    ######.
c - Summon Ice Beast      Ice/Summ       #####...     2%          4    ###....
d - Irradiate             Conj/Tmut      #.........   50%         5    #####..
e - Ensorcelled Hibernat  Hex/Ice        #####.       1%          2    None
f - Frozen Ramparts       Ice            ######       0%          3    None
v - Blink                 Tloc           N/A          13%         2    None
z - Ozocubu's Armour      Chrm/Ice       #####...     1%          3    None

Your spell library contained the following spells:

 Spells                   Type           Power        Failure   Level  Hunger
 Hailstorm                Conj/Ice       #####...     1%          4    ###....
 Magic Dart               Conj           #...         2%          1    None
 Conjure Flame            Conj/Fire      #.......     7%          3    None
 Dazzling Flash           Conj/Hex       #.....       7%          3    None
 Ignite Poison            Fire/Tmut/Pois #.......     7%          3    None
 Inner Flame              Hex/Fire       #.......     7%          3    None
 Mephitic Cloud           Conj/Pois/Air  #.......     7%          3    None
 Corona                   Hex            #......      9%          1    None
 Sting                    Tmut/Pois      #...         9%          1    None
 Call Imp                 Summ           #.......     13%         2    None
 Poisonous Vapours        Pois/Air       #.....       13%         2    None
 Slow                     Hex            #.......     13%         2    None
 Olgreb's Toxic Radiance  Pois           #.......     22%         4    ###....
 Confusing Touch          Hex            #.......     26%         3    None
 Portal Projectile        Hex/Tloc       #.....       26%         3    None
 Tukima's Dance           Hex            #.......     26%         3    None
 Yara's Violent Unravell  Hex/Tmut       #.........   50%         5    #####..
 Cause Fear               Hex            #.........   65%         4    ###....
 Leda's Liquefaction      Hex/Erth       #.........   65%         4    ###....
 Borgnjor's Vile Clutch   Necr/Erth      #.........   94%         5    #####..
 Silence                  Hex/Air        #.........   94%         5    #####..
 Darkness                 Hex            #.........   100%        6    ######.
 Deflect Missiles         Chrm/Air       #.........   100%        6    ######.
 Shadow Creatures         Summ           N/A          100%        6    ######.
 Discord                  Hex            #.........   100%        8    #######


Dungeon Overview and Level Annotations

Branches:
Dungeon (13/15)            Temple (1/1) D:6            Lair (0/6) D:10
    Orc (2/2) D:9             Elf (0/3) Orc:2        Depths (0/5) D:15
  IceCv (visited)
 Vaults: D:13-14

Altars:
Ashenzari
Cheibriados
Dithmenos
Elyvilon
Fedhas
Gozag
Hepliaklqana
Kikubaaqudgha
Makhleb
Nemelex Xobeh
Okawaru
Qazlal
Ru
Sif Muna
Trog
Uskayaw
Vehumet
Wu Jian
Xom
Yredelemnul
Zin
The Shining One
Beogh
Lugonu

Shops:
D:7 [   D:8 *   D:10 (=!([   Orc:2 }!%!

Annotations:
D:9 1 runed translucent door, Lauz's ghost, novice DrCj


Innate Abilities, Weirdness & Mutations

You can breathe waves of freezing cold.
You can buffet flying creatures when you breathe cold.
Your icy white scales are hard. (AC +8)
You cannot fit into any form of body armour.
Your flesh is cold resistant. (rC+)
You are cold-blooded and may be slowed by cold attacks.
Your magical capacity is low. (-10% MP)


Message History

A red film seems to cover your vision as you go berserk!
You feel yourself moving faster!
You feel mighty!
Louise hits you with a +1 vampiric trident.
* * * LOW HITPOINT WARNING * * *
Louise blocks your attack.
Louise is severely wounded.
A slime creature comes into view.
You slash Louise! You burn Louise.
Louise is almost dead.
Louise points at you and mumbles some strange words.
The stone arrow misses you.
You hit Louise but do no damage.
Louise is almost dead.
Louise hits you but does no damage.
A slime creature comes into view.
Louise blocks your attack.
You tail-slap Louise.
Louise is almost dead.
Louise casts a spell at you. The stone arrow misses you.
Louise blocks your attack.
Louise is almost dead.
Louise hits you with a +1 vampiric trident!
* * * LOW HITPOINT WARNING * * *
You hit Louise. You burn Louise. You tail-slap Louise.
Louise is almost dead.
A slime creature comes into view.
Louise closely misses you.
You riposte.
The slime creature quivers.
You hit Louise. You burn Louise. You tail-slap Louise.
Louise is almost dead.
You slice Louise!! You burn Louise.
You kill Louise!
Vehumet accepts your kill.
Your Spellcasting skill increases to level 11!
Some of the chunks of flesh in your inventory have rotted away.
You feel a strong urge to attack something.
You are no longer berserk.
You are exhausted.
You feel yourself slow down.
Okay, then.
You are no longer corroded.
Really read
h - 2 scrolls of fear {!r}?
As you read the scroll of fear {!r}, it crumbles to dust.
You assume a fearsome visage.
The slime creature looks frightened! x4
A slime creature comes into view.
An eye of draining comes into view.
Found a stone staircase leading up.
The eye of draining turns its gaze towards you.
The eye of draining gazes at you.
You feel your power leaking away. The eye of draining gazes at you.
You feel your power leaking away.
A deep elf mage and a zombie come into view.
The deep elf mage shouts!
The eye of draining gazes at you.
You feel your power leaking away.
The deep elf mage gestures wildly while chanting.
The eye of draining gazes at you.
You feel your power leaking away.
The deep elf mage points at you and mumbles some strange words.
The bolt of negative energy hits the demonic crawler.
The demonic crawler completely resists.
The bolt of negative energy hits you!!
You feel drained.
You die...

... .. ... .# ## ..
....### #Z.Z##.#....#
.##. .#..#....# .....
.........
.....##........
....r..@........
...#s............
#..e...G..........
...####............
#.###.............#.
........J...........
................(...
....................#
.##.................


You could see a slime creature, a demonic crawler, a deep elf mage, an eye of
draining, a hell rat and a centaur warrior zombie (wandering).

Vanquished Creatures
  Rupert (D:13)
  A fire giant (D:15)
  Louise (D:15)
  An orc warlord (Orc:1)
  An ogre mage (D:15)
  6 two-headed ogres
  4 orc high priests (Orc:2)
  Urug (D:10)
  Pikel (D:8)
  An orc knight (Orc:2)
  5 ugly things
  3 orc sorcerers
  A manticore (D:15)
  2 deep elf magi (Orc:2)
  2 cyclopes
  An ice statue (IceCv)
  A gargoyle (D:10)
  A centaur skeleton (D:12)
  An efreet (D:13)
  A komodo dragon (D:12)
  5 ice devils (IceCv)
  A kobold demonologist (D:12)
  7 trolls
  A queen bee (D:11)
  Grinder (D:5)
  3 hippogriffs
  A wraith (D:10)
  A wyvern (D:8)
  Sigmund (D:2)
  A shadow (D:10)
  3 yaks (D:10)
  2 wargs (Orc:1)
  A water moccasin (D:11)
  A swamp drake (Orc:2)
  31 orc warriors
  5 porcupines (D:10)
  2 slaves (D:8)
  3 black bears
  2 sky beasts
  3 eyes of draining
  17 ogres
  17 centaurs
  5 crocodiles
  Blork the orc (Orc:2)
  2 big kobolds (D:9)
  8 bullfrogs
  2 gnoll sergeants (D:9)
  A water moccasin skeleton (D:8)
  8 scorpions
  22 killer bees
  4 wights (D:12)
  8 howler monkeys
  10 crimson imps
  3 bullfrog zombies
  11 hounds
  2 centaur zombies
  3 jellies
  34 orc priests
  3 bullfrog skeletons
  An iron imp (Orc:2)
  Jessica (D:2)
  6 iguanas
  Natasha (thrice) (D:4)
  35 orc wizards
  12 worker ants
  Robin (D:2)
  A worker ant zombie (D:6)
  11 gnolls
  11 adders
  3 shadow imps
  18 white imps
  9 ufetubi (IceCv)
  An ooze (D:1)
  An adder skeleton (D:4)
  7 worms
  7 dart slugs
  13 leopard geckos
  103 orcs
  4 bats
  6 giant cockroaches
  20 goblins
  11 hobgoblins
  15 jackals
  3 quokkas
  3 ball pythons
  4 frilled lizards
  10 kobolds
  A leopard gecko zombie (D:5)
  10 rats
  10 fungi (D:10)
  5 plants (D:10)
618 creatures vanquished.

Vanquished Creatures (collateral kills)
  An ugly thing (D:13)
  An ice statue (IceCv)
  A troll (Orc:1)
  A yak (D:10)
  A hungry ghost (D:12)
  A warg (Orc:2)
  2 slaves (D:8)
  A hornet zombie (D:10)
  2 phantoms
  A necrophage (D:5)
  A hound (D:10)
  A quasit (D:10)
  A shadow imp (D:6)
  A white imp (IceCv)
  An orc (D:10)
  A quokka (D:8)
18 creatures vanquished.

Vanquished Creatures (others)
  A reaper (IceCv)
  A centaur (D:12)
  4 white imps (IceCv)
  3 ufetubi (IceCv)
  10 fungi (D:10)
  2 plants (D:10)
21 creatures vanquished.

Grand Total: 657 creatures vanquished

Notes
Turn   | Place    | Note
-------+----------+-------------------------------------------
     0 | D:1      | Amnesiac the Draconian Ice Elementalist began the quest for
                  | the Orb.
     0 | D:1      | Reached XP level 1. HP: 14/14 MP: 3/3
   187 | D:1      | Reached XP level 2. HP: 17/20 MP: 0/5
   266 | D:2      | Noticed Robin
   268 | D:2      | Found a faded altar of an unknown god.
   272 | D:2      | Noticed Jessica
   751 | D:3      | Reached XP level 3. HP: 15/26 MP: 0/6
   992 | D:3      | You fall into a shaft and drop 3 floors!
  1066 | D:6      | Learned a level 3 spell: Frozen Ramparts
  1101 | D:6      | Reached skill level 5 in Ice Magic
  1166 | D:6      | Reached XP level 4. HP: 24/33 MP: 8/8
  1172 | D:6      | Learned a level 4 spell: Summon Ice Beast
  1216 | D:6      | Noticed a bullfrog
  1223 | D:6      | Killed a bullfrog
  1223 | D:6      | Reached XP level 5. HP: 35/38 MP: 5/9
  1228 | D:6      | Reached skill level 6 in Ice Magic
  1652 | D:6      | Reached XP level 6. HP: 36/45 MP: 7/11
  1778 | D:6      | Reached skill level 7 in Ice Magic
  1784 | D:6      | Your scales start taking on an icy white colour.
  1784 | D:6      | Reached skill level 8 in Ice Magic
  1784 | D:6      | Reached XP level 7. HP: 20/50 MP: 4/13
  1784 | D:6      | Gained mutation: Your flesh is cold resistant. (rC+) [White
                  | Draconian growth]
  1947 | D:6      | Reached skill level 9 in Ice Magic
  2100 | D:5      | Entered Level 5 of the Dungeon
  2227 | D:5      | Noticed Grinder
  2227 | D:5      | Paralysed by Grinder for 2 turns
  2968 | D:4      | Reached skill level 5 in Spellcasting
  2969 | D:4      | Reached skill level 10 in Ice Magic
  2971 | D:4      | Reached XP level 8. HP: 55/57 MP: 9/15
  3034 | D:4      | Learned a level 2 spell: Ensorcelled Hibernation
  3086 | D:4      | Noticed Natasha
  3094 | D:4      | Killed Natasha
  3224 | D:4      | Noticed Natasha
  3231 | D:4      | Killed Natasha
  3500 | D:4      | Noticed Natasha
  3507 | D:4      | Killed Natasha
  3624 | D:5      | Paralysed by Grinder for 2 turns
  3641 | D:5      | Killed Grinder
  3641 | D:5      | Reached skill level 11 in Ice Magic
  3875 | D:5      | Learned a level 2 spell: Blink
  4091 | D:6      | Found a staircase to the Ecumenical Temple.
  4098 | Temple   | Entered the Ecumenical Temple
  4382 | D:2      | Noticed Sigmund
  4386 | D:2      | Killed Sigmund
  4494 | D:2      | Killed Robin
  4542 | D:2      | Killed Jessica
  4649 | D:2      | Found a shimmering blue altar of Sif Muna.
  5491 | D:6      | Found a radiant altar of Vehumet.
  5503 | D:6      | Became a worshipper of Vehumet
  5565 | D:3      | Reached skill level 12 in Ice Magic
  6339 | D:6      | Reached XP level 9. HP: 57/62 MP: 14/18
  6425 | D:7      | Noticed a green ugly thing
  6445 | D:7      | Killed a green ugly thing
  6445 | D:7      | Reached skill level 1 in Fighting
  6606 | D:7      | Found a hazy altar of Hepliaklqana.
  6672 | D:7      | Learned a level 4 spell: Hailstorm
  6871 | D:7      | Found an opulent altar of Gozag.
  6980 | D:7      | Reached * piety under Vehumet
  6980 | D:7      | Offered knowledge of Sandblast by Vehumet.
  7060 | D:7      | Reached skill level 13 in Ice Magic
  7079 | D:7      | Found Tyovet's Antique Armour Emporium.
  7349 | D:8      | Noticed a two-headed ogre
  7372 | D:8      | Killed a two-headed ogre
  7372 | D:8      | Reached XP level 10. HP: 63/78 MP: 0/21
  7585 | D:8      | Noticed Pikel
  7586 | D:8      | Paralysed by Pikel for 2 turns
  7596 | D:8      | Killed Pikel
  7666 | D:8      | Offered knowledge of Searing Ray by Vehumet.
  7689 | D:8      | Found Munte's Profane Products.
  7689 | D:8      | Found a corrupted altar of Lugonu.
  7843 | D:8      | You fall into a shaft and drop 1 floor!
  7888 | D:9      | Reached ** piety under Vehumet
  8167 | D:8      | Found a sacrificial altar of Ru.
  8267 | D:9      | Reached skill level 14 in Ice Magic
  8382 | D:9      | Found a shadowy altar of Dithmenos.
  8400 | D:9      | Found a radiant altar of Vehumet.
  8500 | D:9      | Reached skill level 5 in Fighting
  9039 | D:9      | Found a glowing golden altar of the Shining One.
  9060 | D:9      | Found a bloodstained altar of Trog.
  9104 | D:9      | Offered knowledge of Stone Arrow by Vehumet.
  9189 | D:9      | Found a runed translucent door.
  9190 | D:9      | Found a shimmering altar of Xom.
  9190 | D:9      | Noticed Lauz's ghost (novice DrCj)
  9191 | D:9      | Noticed a +2 hand axe of chaos
  9217 | D:9      | Found a staircase to the Orcish Mines.
  9227 | D:9      | Reached skill level 5 in Dodging
  9234 | D:9      | Reached *** piety under Vehumet
  9415 | D:9      | Found a glowing silver altar of Zin.
  9416 | D:9      | Noticed an angel
  9643 | D:10     | Entered Level 10 of the Dungeon
  9701 | D:10     | Reached XP level 11. HP: 89/89 MP: 11/23
  9831 | D:10     | Found Ewnarghu's Armour Shop.
  9831 | D:10     | Found Tiorala's Weapon Boutique.
  9887 | D:10     | Found Fod Mac's Distillery.
  9938 | D:10     | Learned a level 3 spell: Ozocubu's Armour
 10046 | D:10     | Found a staircase to the Lair.
 10046 | D:10     | Noticed Urug
 10046 | D:10     | Noticed a two-headed ogre
 10060 | D:10     | Offered knowledge of Sticky Flame by Vehumet.
 10062 | D:10     | Killed a two-headed ogre
 10074 | D:10     | Reached skill level 15 in Ice Magic
 10240 | D:10     | Killed Urug
 10284 | D:10     | Reached **** piety under Vehumet
 10365 | D:10     | Found Koqomp's Antique Weapon Shop.
 10660 | D:10     | Found Geneadiutu's Jewellery Boutique.
 10665 | D:10     | Offered knowledge of Fireball by Vehumet.
 11893 | D:11     | Noticed a purple ugly thing
 11902 | D:11     | Killed a purple ugly thing
 11903 | D:11     | Reached ***** piety under Vehumet
 11947 | D:11     | Offered knowledge of Ozocubu's Refrigeration by Vehumet.
 11958 | D:11     | Reached skill level 16 in Ice Magic
 11966 | D:11     | Learned a level 6 spell: Ozocubu's Refrigeration
 12143 | D:11     | Noticed a cyan ugly thing
 12153 | D:11     | Killed a cyan ugly thing
 12426 | Orc:1    | Entered Level 1 of the Orcish Mines
 12575 | Orc:1    | Reached XP level 12. HP: 101/101 MP: 13/25
 12690 | Orc:1    | Noticed an orc warlord
 12920 | Orc:1    | Killed an orc warlord
 13105 | Orc:2    | Entered Level 2 of the Orcish Mines
 13562 | Orc:2    | Noticed an orc high priest
 13563 | Orc:2    | Noticed an orc high priest
 13567 | Orc:2    | Killed an orc high priest
 13567 | Orc:2    | Offered knowledge of Lee's Rapid Deconstruction by Vehumet.
 13568 | Orc:2    | Killed an orc high priest
 13568 | Orc:2    | Reached skill level 17 in Ice Magic
 13580 | Orc:2    | Found Wunwunief's Distillery.
 13580 | Orc:2    | Found Qeagrequ's Food Shop.
 13580 | Orc:2    | Noticed an orc high priest
 13584 | Orc:2    | Found Osaa's Gadget Boutique.
 13585 | Orc:2    | Killed an orc high priest
 13585 | Orc:2    | Reached skill level 10 in Spellcasting
 13587 | Orc:2    | Noticed an orc high priest
 13593 | Orc:2    | Found Adail's Distillery.
 13594 | Orc:2    | Killed an orc high priest
 13738 | Orc:2    | Bought a potion of degeneration for 11 gold pieces
 13845 | Orc:2    | Found a roughly hewn altar of Beogh.
 13864 | Orc:2    | Found a staircase to the Elven Halls.
 14078 | Orc:2    | Noticed Blork the orc
 14092 | Orc:2    | Killed Blork the orc
 14191 | Orc:2    | Got a faintly humming hat
 14197 | Orc:2    | Identified the +2 hat "Bicoqeug" {rC+ MR+ MP+9} (You found
                  | it on level 2 of the Orcish Mines)
 14586 | D:10     | Bought a potion of experience for 750 gold pieces
 14664 | D:10     | Bought a +1 pair of boots of running for 474 gold pieces
 14850 | D:12     | Reached XP level 13. HP: 110/111 MP: 27/27
 14892 | D:12     | Reached skill level 1 in Shields
 15640 | D:13     | Noticed Rupert
 15646 | D:13     | Paralysed by Rupert for 5 turns
 15656 | D:13     | Killed Rupert
 15656 | D:13     | Reached skill level 18 in Ice Magic
 15800 | D:13     | Found a shimmering altar of Xom.
 15809 | D:13     | Found a frozen archway.
 15810 | D:13     | Reached ****** piety under Vehumet
 15834 | IceCv    | Entered an ice cave
 15852 | IceCv    | Offered knowledge of Irradiate by Vehumet.
 15931 | IceCv    | Learned a level 5 spell: Irradiate
 16136 | IceCv    | Killed a reaper
 16766 | IceCv    | Gained mutation: Your magical capacity is low. (-10% MP)
                  | [mutagenic glow]
 17216 | D:13     | You fall into a shaft and drop 2 floors!
 17216 | D:15     | Entered Level 15 of the Dungeon
 17318 | D:15     | Found a staircase to the Depths.
 17318 | D:15     | Noticed a fire giant
 17322 | D:15     | Killed a fire giant
 17422 | D:15     | Noticed Louise
 17450 | D:15     | Killed Louise
 17467 | D:15     | Killed from afar by a deep elf mage

Levels and vault maps discovered:
D:1:      dpeg_arrival_arbitrary_b, layout_loops_ring, minmay_octomino_e4
D:2:      layout_rooms, lemuel_doored_altar, chequers_ecumenical_altar_simple,
          kennysheep_potato, uniq_sigmund, uniq_robin, uniq_jessica
D:3:      layout_loops_corners
D:4:      minmay_octagon_keep, layout_basic, first_ration, uniq_natasha
D:5:      layout_basic, uniq_grinder
D:6:      layout_basic, minmay_temple_entry_junction_2, basic_altar,
          kennysheep_diamond
D:7:      layout_basic, lemuel_coloured_pillars_altar, serial_shops,
          nicolae_shop_stone, nicolae_gozag_cash_rules_everything_around_me
D:8:      layout_cave_pools, kennysheep_little_box, nicolae_evil_shop,
          uniq_pikel
D:9:      layout_loops_corners, zin_angel, nicolae_overflow_quartered_altars,
          kennysheep_orc_monster_closet_entryway, ebering_ghost_xom
D:10:     layout_basic, due_lair_maze_entry_diamond, serial_shops, shop, shop,
          shop, nicolae_shop_stone, nicolae_shop_trees, uniq_urug
D:11:     layout_small_grid, david_nohive_1
D:12:     layout_basic
D:13:     layout_roguey, basic_altar, portal_ice_cave_entry_imps, uniq_rupert
D:15:     grunt_enter_depths_giant_problem, layout_cave_pools,
          grunt_decor_arrowhead, uniq_louise
Temple:   nicolae_temple_great_sept
Orc:1:    nicolae_orc_accident_1, layout_caves, nicolae_orc_tapped_out
Orc:2:    st_orc_mages, layout_caves, basic_altar, hangedman_minor_magic

Skill      XL: |  1  2  3  4  5  6  7  8  9 10 11 12 13 |
---------------+----------------------------------------+-----
Ice Magic      | 5 6 8 10 12 13 14 16 17 18 | 18.7
Spellcasting   | 3 4 5 6 7 8 9 10 11 | 11.0
Fighting       | 3 5 7 9 |  9.0
Dodging        | 3 5 6 8 9 |  9.0
Shields        | 4 |  4.0
Stealth        | |  1.7

Action                   |  1- 3 |  4- 6 |  7- 9 | 10-12 | 13-15 || total
-------------------------+-------+-------+-------+-------+-------++-------
Melee: Unarmed           |    35 |       |       |       |       ||    35
       Tailslap          |     4 |     7 |    24 |    29 |    26 ||    90
       Flail             |     7 |    29 |    13 |       |       ||    49
       Great sword       |       |       |    85 |    97 |    21 ||   203
       Scimitar          |       |       |       |       |   108 ||   108
Throw: Dart              |     1 |       |     1 |       |    28 ||    30
 Cast: Freeze            |    40 |    11 |   167 |   205 |    23 ||   446
       Frozen Ramparts   |     2 |     5 |    39 |    52 |    10 ||   108
       Summon Ice Beast  |       |       |     6 |    15 |    19 ||    40
       Ensorcelled Hiber |       |       |     2 |     1 |       ||     3
       Hailstorm         |       |       |       |    39 |       ||    39
       Ozocubu's Refrige |       |       |       |    59 |    44 ||   103
       Irradiate         |       |       |       |       |     7 ||     7
 Abil: Breathe Frost     |       |       |     1 |       |       ||     1
Evoke: Wand              |       |       |     1 |    16 |     8 ||    25
  Use: Potion            |       |       |     2 |       |     3 ||     5
       Scroll            |       |       |     4 |    11 |     4 ||    19
 Stab: Distracted        |       |       |       |     2 |     1 ||     3
       Sleeping          |       |       |       |     2 |       ||     2
  Eat: Chunk             |     2 |     2 |    20 |    54 |    21 ||    99
       Ration            |       |       |       |       |     2 ||     2
Armor: Skin              |    18 |    11 |    84 |   108 |    54 ||   275
Dodge: Dodged            |    44 |    28 |   153 |   329 |   162 ||   716
Block: Buckler           |       |       |       |       |    33 ||    33
       Rpst.: Great sword |       |       |    54 |    79 |     8 ||   141
       Scimitar          |       |       |       |       |    33 ||    33

Table legend:
 A = Non-vault XP
 B = Vault XP
 C = Vault XP percentage of total XP
 D = Non-vault monster count
 E = Vault monster count
 F = Vault count percentage of total count
                 A         B        C        D         E       F
            +---------+---------+-------+---------+---------+-------
      Total |   35612 |   23048 |  39.3 |     430 |     188 |  30.4
            +---------+---------+-------+---------+---------+-------
        D:1 |      48 |       7 |  12.7 |      22 |       3 |  12.0
        D:2 |     118 |     296 |  71.5 |      25 |      18 |  41.9
        D:3 |      77 |       0 |   0.0 |      29 |       0 |   0.0
        D:4 |     611 |     308 |  33.5 |      33 |      13 |  28.3
        D:5 |     285 |     148 |  34.2 |       8 |       1 |  11.1
        D:6 |     917 |      10 |   1.1 |      23 |       2 |   8.0
        D:7 |    1659 |       0 |   0.0 |      21 |       0 |   0.0
        D:8 |    2330 |     617 |  20.9 |      22 |       1 |   4.3
        D:9 |    1882 |    1505 |  44.4 |      36 |      20 |  35.7
       D:10 |    3362 |    2010 |  37.4 |      26 |      12 |  31.6
       D:11 |    3788 |    1279 |  25.2 |      40 |      17 |  29.8
       D:12 |    4993 |       0 |   0.0 |      39 |       0 |   0.0
       D:13 |    2087 |    3077 |  59.6 |      12 |      13 |  52.0
       D:15 |    5182 |    3424 |  39.8 |      14 |       2 |  12.5
      Orc:1 |    4751 |     510 |   9.7 |      43 |       4 |   8.5
      Orc:2 |    3522 |    7271 |  67.4 |      37 |      60 |  61.9
      IceCv |       0 |    2586 | 100.0 |       0 |      22 | 100.0
            +---------+---------+-------+---------+---------+-------
